 Dungeon Sprint DCSS version 0.17-a0-1691-g18a3847 (webtiles) character file.

318 Kidiri the Covert (level 6, -8/28 HPs)
             Began as a Spriggan Enchanter on Aug 20, 2015.
             Was an Initiate of Dithmenos.
             Mangled by a spatial vortex (24 damage)
             ... in the Dungeon (Sprint III: "The Ten Rune Challenge").
             The game lasted 00:02:02 (198 turns).

Kidiri the Covert (Spriggan Enchanter)               Turns: 198, Time: 00:02:03

Health: -8/28      AC:  3    Str:  4    XL:     6   Next: 21%
Magic:  7/17       EV: 25    Int: 17    God:    Dithmenos [......]
Gold:   30         SH:  0    Dex: 18    Spells: 5 memorised, 8 levels left

rFire  . . .     SeeInvis +     a - +1 dagger
rCold  . . .     Clarity  .     b - +1 robe
rNeg   . . .     SustAt   .     (shield restricted)
rPois  .         Gourm    .     (helmet restricted)
rElec  .         Spirit   .     (no cloak)
rCorr  .         Warding  .     (gloves unavailable)
rMut   .         NoTele   +     (boots unavailable)
MR     +....                    (no amulet)
Stlth  +++++.....               (no ring)
                                (no ring)

@: very quick, somewhat resistant to hostile enchantments, quite stealthy
A: unfitting armour, fangs 1, horns 1, talons 1, see invisible, herbivore 3,
speed 3, slow metabolism 2, spit poison 1
a: Spit Poison, Renounce Religion


You were in the Dungeon.
You worshipped Dithmenos.
Dithmenos was noncommittal.
You were not hungry.

You visited 1 branch You collected 30 gold pieces.

Inventory:

Hand weapons
 a - a +1 dagger (weapon)
Armour
 b - a +1 robe (worn)
Scrolls
 j - a scroll of blinking
 l - a scroll of holy word {unknown}
 n - 2 scrolls of remove curse {unknown}
 q - a scroll of immolation
Potions
 e - a potion of curing
 f - a potion of heal wounds
 g - 2 potions of haste
 h - 3 potions of magic
 i - a potion of berserk rage
 p - a potion of cure mutation
 s - a potion of flight
Comestibles
 d - a bread ration
 o - 2 royal jellies
 r - 4 fruits


   Skills:
 + Level 4.6 Short Blades
 * Level 9.2 Dodging
 * Level 10.4 Stealth
 * Level 7.8 Spellcasting
 + Level 2.2 Conjurations
 + Level 6.3 Hexes
 + Level 2.5 Ice Magic
 + Level 0.0 Invocations


You had 8 spell levels left.
You knew the following spells:

 Your Spells              Type           Power        Failure   Level  Hunger
a - Corona                Hex            ####...      1%          1    None
b - Ensorcelled Hibernat  Hex/Ice        ###...       2%          2    None
c - Confuse               Hex            ####....     2%          3    #......
d - Tukima's Dance        Hex            ####....     2%          3    #......
e - Dazzling Spray        Conj/Hex       ###.....     8%          3    #......


Dungeon Overview and Level Annotations

Branches:
Dungeon (1/1)

Altars:
Dithmenos
Gozag
Makhleb
Nemelex Xobeh
Qazlal
Ru
Xom
Jiyva
Lugonu


Innate Abilities, Weirdness & Mutations

You are tiny and cannot use many weapons and most armour.
You have supernaturally acute eyesight.
You are a herbivore.
You cover ground extremely quickly.
You need consume almost no food.
You have very sharp teeth.
You have a pair of small horns on your head.
You have sharp toenails.
You can spit weak poison.


Message History

Aiming: Dazzling Spray
Press: ? - help, Shift-Dir - straight line, f/p - spatial vortex
Aim: a spatial vortex (lightly damaged)
The spray of energy hits the spatial vortex.
The spatial vortex is moderately damaged.
The spatial vortex hits you!
You feel a strange sense of stasis.
Unknown command.
There is a corrupted altar of Lugonu here.
Casting: Dazzling Spray
Confirm with . or Enter, or press ? or * to list all spells.
Aiming: Dazzling Spray
Press: ? - help, Shift-Dir - straight line, f/p - spatial vortex
Aim: a spatial vortex (moderately damaged)
The spray of energy hits the spatial vortex.
The spatial vortex is moderately damaged.
There is a sparkling altar of Nemelex Xobeh here.
You see here a legendary deck of cards.
The spatial vortex hits you!!
Ouch! That really hurt!
You die...

%..#####..#
....#..#..#
#...#:.#..###+#+###+##
##..##+#..#..........#
##..###...'.⌠........#
#..####...#...######'#
#..###....#.⌠.#__#...#
%..##.....#...#_v#...#
...#...%..#+###_@#...#
.##.#.%...# #__#...+
.#####....# #_.'...#
▓▓ ▓▓▓▓▓▓ ▓▓▓▓▓▓▓▓


You could see a spatial vortex.

Vanquished Creatures
  A shadow (D)
  A water elemental (D)
  A scorpion (D)
  A jelly (D)
  A human (D)
  4 rats (D)
9 creatures vanquished.

Vanquished Creatures (others)
  A yaktaur (D)
1 creature vanquished.

Grand Total: 10 creatures vanquished

Notes
Turn   | Place    | Note
--------------------------------------------------------------
     0 | D        | Kidiri the Spriggan Enchanter began the quest for the Orb.
     0 | D        | Reached XP level 1. HP: 9/9 MP: 5/5
    51 | D        | Noticed a scorpion
    59 | D        | Killed a scorpion
    59 | D        | Reached skill level 6 in Dodging
    59 | D        | Reached skill level 7 in Stealth
    59 | D        | Reached skill level 5 in Spellcasting
    59 | D        | Reached XP level 2. HP: 13/13 MP: 5/9
    59 | D        | Reached XP level 3. HP: 16/16 MP: 5/10
    67 | D        | Killed a yaktaur
    78 | D        | Learned a level 2 spell: Ensorcelled Hibernation
    82 | D        | Learned a level 3 spell: Confuse
    86 | D        | Learned a level 3 spell: Tukima's Dance
    90 | D        | Learned a level 3 spell: Dazzling Spray
   123 | D        | Reached XP level 4. HP: 21/21 MP: 9/12
   146 | D        | Gained mutation: You have sharp toenails. [potion of mutation]
   146 | D        | Gained mutation: You can spit weak poison. [potion of mutation]
   146 | D        | Gained mutation: You have a pair of small horns on your head. [potion of mutation]
   147 | D        | Gained mutation: You have very sharp teeth. [potion of mutation]
   154 | D        | Noticed a water elemental
   157 | D        | Killed a water elemental
   157 | D        | Reached skill level 8 in Stealth
   157 | D        | Reached skill level 1 in Conjurations
   157 | D        | Reached skill level 5 in Hexes
   157 | D        | Reached skill level 1 in Ice Magic
   157 | D        | Reached XP level 5. HP: 24/24 MP: 12/14
   175 | D        | Noticed a jelly
   176 | D        | Noticed a shadow
   178 | D        | Killed a shadow
   178 | D        | Reached skill level 9 in Dodging
   178 | D        | Reached skill level 10 in Stealth
   178 | D        | Reached XP level 6. HP: 28/28 MP: 14/17
   182 | D        | Killed a jelly
   187 | D        | Found a stormy altar of Qazlal.
   187 | D        | Noticed a spatial vortex
   188 | D        | Found a sacrificial altar of Ru.
   188 | D        | Found a burning altar of Makhleb.
   188 | D        | Found a viscous altar of Jiyva.
   188 | D        | Found a shimmering altar of Xom.
   188 | D        | Found a shadowy altar of Dithmenos.
   188 | D        | Found a sparkling altar of Nemelex Xobeh.
   188 | D        | Found a corrupted altar of Lugonu.
   188 | D        | Found an opulent altar of Gozag.
   192 | D        | Became a worshipper of Dithmenos the Shadowed
   198 | D        | Mangled by a spatial vortex

Vault maps used:
D:        dungeon_sprint_mu

Action                   |  1- 3 |  4- 6 || total
-------------------------+-------+-------++-------
Melee: Dagger            |     9 |     3 ||    12
 Cast: Corona            |     1 |       ||     1
       Ensorcelled Hiber |     1 |       ||     1
       Dazzling Spray    |       |     3 ||     3
  Use: Scroll            |       |     3 ||     3
       Potion            |       |     2 ||     2
 Stab: Sleeping          |     5 |     3 ||     8
